 Dungeon Crawl Stone Soup version 0.31.0-9-g3a7656b989 (webtiles) character file.

Game seed: 14464516561976875032

47 qw the Shooter (level 3, 0/18 HPs)
             Began as a Spriggan Hunter on Feb 2, 2024.
             Succumbed to an adder's poison
             ... on level 1 of the Dungeon.
             The game lasted 00:00:03 (690 turns).

qw the Shooter (Spriggan Hunter)                     Turns: 690, Time: 00:00:03

Health: 0/18       AC:  2    Str:  7    XL:     3   Next: 48%
Magic:  4/4        EV: 19    Int: 10    God:
Gold:   20         SH:  0    Dex: 20    Spells: 2/2 levels left

rFire   . . .        a - +0 shortbow
rCold   . . .        (shield currently unavailable)
rNeg    . . .        c - +0 robe
rPois   .            (helmet restricted)
rElec   .            (no cloak)
rCorr   .            (gloves unavailable)
SInv    +            (boots unavailable)
Will    .....        (no amulet)
Stlth   ++           (no ring)
HPRegen 0.23/turn    (no ring)
MPRegen 0.09/turn

%: no passive effects
@: lethally poisoned (0 -> 0), very quick
A: very small, no large weapons, unfitting armour, see invisible, speed 3
a: no special abilities


You were on level 1 of the Dungeon.
You visited 1 branch of the dungeon, and saw 2 of its levels.

You collected 20 gold pieces.


Innate Abilities, Weirdness & Mutations

You are very small and have problems with some larger weapons.
You are too small for most types of armour.
You have supernaturally acute eyesight. (SInv)
You cover ground extremely quickly. (Speed+++)


   Skills:
 - Level 1.5 Fighting
 + Level 4.7 Ranged Weapons
 - Level 4.0 Dodging
 - Level 1.5 Stealth


You had 2 spell levels left.
You didn't know any spells.
Your spell library was empty.

Inventory:

Hand Weapons
 a - a +0 shortbow (weapon)
Armour
 c - a +0 robe (worn)
Potions
 g - a potion of cancellation {unknown}
 h - a potion of heal wounds {unknown}
 i - a potion of curing
 j - a potion of degeneration {unknown}
 l - a potion of attraction {unknown}

Dungeon Overview and Level Annotations

Branches:
Dungeon (2/15)

Altars:


Message History

You shoot an arrow. The arrow hits the adder.
The adder is lightly wounded.
The adder misses you.
You shoot an arrow. The arrow barely misses the adder.
The adder closely misses you. The adder bites you.
You shoot an arrow. The arrow closely misses the adder.
The adder closely misses you.
You shoot an arrow. The arrow misses the adder.
The adder misses you. The adder bites you but does no damage.
You shoot an arrow. The arrow misses the adder.
The adder completely misses you.
You shoot an arrow. The arrow closely misses the adder.
The adder closely misses you. x2
You shoot an arrow.
The arrow hits the adder but does no damage.
The adder is lightly wounded.
The adder closely misses you.
You shoot an arrow. The arrow barely misses the adder.
The adder bites you. The adder misses you.
You shoot an arrow.
The arrow hits the adder but does no damage.
The adder is lightly wounded.
The adder closely misses you.
You shoot an arrow.
The arrow hits the adder but does no damage.
The adder is lightly wounded.
The adder completely misses you. The adder misses you.
You shoot an arrow. The arrow misses the adder.
The adder bites you.
You shoot an arrow. The arrow barely misses the adder.
The adder bites you.
You are poisoned.
The adder poisons you! The adder misses you.
You shoot an arrow. The arrow closely misses the adder.
You feel sick. The adder completely misses you.
You shoot an arrow. The arrow hits the adder.
The adder is moderately wounded.
You feel sick. The adder misses you. The adder bites you.
You shoot an arrow. The arrow barely misses the adder.
You die...

# #....####.#.##.##.# #
#..#.##...........# #
##.#....##.##...### ##
#.##(#.##.##.#.###
.####.##....#....#...#
.........##.#..##....#
..###..####......#...#
..###.......####%#.###
....#.#####.## #@S.# #####
#.#..........#####.# #....
#.....##........##.#
########.###
########.#...#..##.#
#........###
#...........###.#####..#..
#...###..###....#####[.#.#
#...###...............:..#
#....%)...##....#####.....
##
#...#####.###.#....[..####


You could see an adder.

Vanquished Creatures
  An adder (D:1)
  A dart slug (D:1)
  3 ball pythons (D:1)
  9 bats
  2 endoplasms (D:1)
  A giant cockroach (D:1)
  3 goblins
  4 hobgoblins (D:1)
  2 jackals (D:1)
  3 kobolds (D:1)
  A quokka (D:1)
  2 frilled lizards (D:1)
  2 rats (D:1)
34 creatures vanquished.

Notes
Turn   | Place    | Note
-------+----------+-------------------------------------------
     0 | D:1      | qw the Spriggan Hunter began the quest for the Orb.
     0 | D:1      | Reached XP level 1. HP: 10/10 MP: 2/2
     0 | D:1      | 0 ||| qw: Version: 0.3-a-155-g5e7d8dd
     0 | D:1      | 0 ||| qw: Game counter: 1238
     0 | D:1      | 0 ||| qw: Melee chars always use a shield: true
     0 | D:1      | 0 ||| qw: God list: Okawaru
     0 | D:1      | 0 ||| qw: Allow faded altars: false
     0 | D:1      | 0 ||| qw: Do Orc after clearing Dungeon:15 true
     0 | D:1      | 0 ||| qw: Do second Lair branch before Depths: true
     0 | D:1      | 0 ||| qw: Lair rune preference: random
     0 | D:1      | 0 ||| qw: Goals: Normal
     0 | D:1      | 0 ||| PLANNING D:1-11
    15 | D:1      | Reached skill level 3 in Dodging
    92 | D:1      | Reached XP level 2. HP: 14/14 MP: 3/3
   430 | D:1      | Reached XP level 3. HP: 18/18 MP: 4/4
   636 | D:1      | 636 ||| READING 2 scrolls labelled DABEAJE BASAE.
   637 | D:1      | 637 ||| READING scroll labelled YZUGOP XELUMPU.
   640 | D:1      | 640 ||| READING scroll labelled XULUIQ KAU.
   641 | D:1      | 641 ||| READING scroll labelled GURUM CUHOEMP.
   642 | D:1      | 642 ||| DRINKING 2 fizzy blue potions.
   643 | D:1      | 643 ||| DROPPING scroll of butterflies.
   644 | D:1      | 644 ||| DROPPING scroll of immolation.
   667 | D:2      | 667 ||| STAIRDANCE
   688 | D:1      | HP: 3/18 [poisoned by an adder]
   689 | D:1      | HP: 1/18 [adder (1)]
   690 | D:1      | Succumbed to an adder's poison

Levels and vault maps discovered:
D:1:      elethiomel_arrival_quiet, layout_loops_cross, minmay_hexomino_p4
D:2:      layout_rooms, basic_altar, serial_shops, shop, uniq_sigmund

Skill      XL: |  1  2 |
---------------+-------+-----
Dodging        | 3 4 |  4.0
Fighting       | |  1.5
Ranged Weapons | |  4.7
Stealth        | |  1.5

Action                     || total
---------------------------++-------
   Fire: Shortbow          ||   113
    Use: Scroll            ||     4
         Potion            ||     1
 Armour: Robe              ||    23
  Dodge: Dodged            ||    72

Table legend:
 A = Non-vault XP
 B = Vault XP
 C = Vault XP percentage of total XP
 D = Non-vault monster count
 E = Vault monster count
 F = Vault count percentage of total count
                 A         B        C        D         E       F
            +---------+---------+-------+---------+---------+-------
      Total |      63 |       5 |   7.4 |      31 |       3 |   8.8
            +---------+---------+-------+---------+---------+-------
        D:1 |      60 |       5 |   7.7 |      29 |       3 |   9.4
        D:2 |       3 |       0 |   0.0 |       2 |       0 |   0.0
            +---------+---------+-------+---------+---------+-------
